 Dungeon Crawl Stone Soup version 0.27-b1-16-g6517624069 (webtiles) character file.

Game seed: 5819512127349431556

1138 Urokeeper the Chopper (level 8, -17/97 (102) HPs)
             Began as a Hill Orc Fighter on July 26, 2021.
             Killed by an exploding adder (30 damage)
             ... ignited by their inner flame
             ... on level 6 of the Dungeon.
             The game lasted 00:30:18 (5486 turns).

Urokeeper the Chopper (Hill Orc Fighter)            Turns: 5486, Time: 00:30:18

HP:   -17/97 (102)  AC: 24    Str: 21    XL:     8   Next: 37%
MP:   8/8           EV:  2    Int:  8    God:
Gold: 245           SH: 20    Dex: 10    Spells: 7/7 levels left

rFire    . . .     SeeInvis .   a - +0 war axe
rCold    . . .     Faith    .   q - +0 tower shield
rNeg     + + +     Spirit   .   (armour currently unavailable)
rPois    +         Reflect  +   (helmet currently unavailable)
rElec    .         Harm     .   (cloak currently unavailable)
rCorr    .         Rampage  .   (gloves currently unavailable)
Will     +....     NoTele   +   (boots currently unavailable)
Stlth    +.........             k - amulet of reflection
HPRegen  0.26/turn              (no ring)
MPRegen  0.11/turn              (no ring)

@: tree-form, unable to read, lightly drained
A: stationary, stasis, torment immunity, boosted hp, (claws 1), strong-willed 1,
inability to read while threatened
a: Convert to Beogh


You were on level 6 of the Dungeon.
You were a tree.
You visited 1 branch of the dungeon, and saw 6 of its levels.

You collected 245 gold pieces.

Inventory:

Hand Weapons
 a - a +0 war axe (weapon)
Missiles
 h - 103 arrows
 v - 15 poisoned darts (quivered)
Armour
 b - a +0 scale mail
 c - a +0 kite shield
 f - a +2 cloak (melded)
 q - a +0 tower shield (worn)
 w - a +3 scale mail of cold resistance (melded)
Magical Staves
 e - a staff of conjuration
 g - a staff of air
 y - a staff of death
Jewellery
 k - an amulet of reflection (around neck)
 n - a ring of poison resistance
Scrolls
 i - 3 scrolls of noise
Potions
 m - a potion of brilliance
 x - a potion of flight


   Skills:
 + Level 5.3 Fighting
 + Level 7.3 Axes
 + Level 6.1 Armour
 + Level 1.4 Dodging
 + Level 6.5 Shields
 + Level 0.4 Evocations


You had 7 spell levels left.
You didn't know any spells.
Your spell library contained the following spells:

 Spells                   Type           Power      Damage    Failure   Level
 Animate Skeleton         Necr           0%         N/A       99%         1
 Apportation              Tloc           0%         N/A       99%         1
 Beastly Appendage        Tmut           0%         N/A       99%         1
 Corona                   Hex            0%         N/A       99%         1
 Magic Dart               Conj           0%         1d3       99%         1
 Summon Small Mammal      Summ           0%         N/A       99%         1
 Searing Ray              Conj           0%         3d3       100%        2
 Wereblood                Tmut           0%         N/A       100%        2
 Spider Form              Tmut/Pois      0%         N/A       100%        3
 Fulminant Prism          Conj/Hex       0%         3d6       100%        4


Dungeon Overview and Level Annotations

Branches:
Dungeon (6/15)             Temple (0/1) D:6

Altars:
Elyvilon

Shops:
D:3 *   D:5 *


Innate Abilities, Weirdness & Mutations

You are a tree.
Your roots penetrate the ground, keeping you stationary.
You cannot be teleported.
You are immune to unholy pain and torment.
Your maximum health is greatly increased.
Your equipment is partially melded.
((You have sharp fingernails.))
You are strong-willed. (Will+)
You sometimes lose the ability to read scrolls when taking damage.


Message History

You block the adder's attack.
The orc warrior hits you with a +0 hand axe.
* * * LOW HITPOINT WARNING * * *
The orc priest hits you but does no damage.
You feel drained. You block the orc priest's attack.
It was a potion of lignification.
You turn into a tree.
Your +2 cloak melds into your body.
Your +3 scale mail of cold resistance melds into your body.
You feel less resistant to cold.
Your roots penetrate the ground.
You block the adder's attack.
The orc warrior hits you with a +0 hand axe.
* * * LOW HITPOINT WARNING * * *
The orc priest hits you but does no damage. x2
You block the adder's attack.
The orc priest shouts, "Join the one true god or die!"
There are monsters nearby!
You are too injured to fight recklessly!
You are too injured to fight recklessly!
You are too injured to fight recklessly!
You are too injured to fight recklessly!
You are too injured to fight recklessly!
You are too injured to fight recklessly!
You are too injured to fight recklessly!
You are too injured to fight recklessly!
You are too injured to fight recklessly!
You are too injured to fight recklessly!
You are too injured to fight recklessly!
You are too injured to fight recklessly!
You are too injured to fight recklessly!
You hit the orc priest.
Flame seeps out of the orc priest.
The orc priest is moderately wounded.
You hit the orc warrior.
Flame seeps out of the orc warrior.
You closely miss the orc priest. You slash the adder!
Flame seeps out of the adder.
The orc warrior hits you with a +0 hand axe!
* * * LOW HITPOINT WARNING * * *
The adder is engulfed in blazing flames.
The adder explodes!
The fiery explosion engulfs you!!
You die...

*,*,*###.....#.*#..#*,*,,
*,,,,,........##....**,,,
###########,***#..............,,,
..........#,* #.........,,.oo,,,
###.......#.# #§§§§§§##,,..#*,,,
,,#.####..#.# #.§§§§#.#*..#*.*,,
*,#.#..#..#.# #§§§§#.#,#..#.#,*,
*,#.#..#..#.# #§o§§##.#....#.**,
,,#.#..#..#.# #♣o§#§##o.....#*,*
**#.#..#..#.# #o○#.#.........,*,
,*#.#..#..#.####§§##..........,,*
,*#.#..#..#......#............,,,
,*#.#.....#.###...............,,,
,*#.#..#.##.# #...########....,,,
,*#.#....##.# ##### *####***
,*#.#.#####.# ,,#.#.# #.#


You could see an orc warrior (inner flame) and 2 orc priests.

Vanquished Creatures
  Prince Ribbit (D:5)
  A black bear (D:6)
  An ogre (D:4)
  2 bullfrogs
  2 scorpions (D:4)
  A wyvern skeleton (D:6)
  A howler monkey (D:4)
  A centaur zombie (D:5)
  3 hounds
  A centaur skeleton (D:6)
  3 iguanas (D:5)
  4 gnolls (D:5)
  2 howler monkey skeletons (D:5)
  6 adders
  2 worms
  10 orcs
  10 ball pythons
  3 bats
  6 endoplasms
  4 giant cockroaches
  9 goblins
  9 hobgoblins
  3 jackals (D:3)
  4 kobolds
  5 quokkas
  3 frilled lizards (D:1)
  6 rats
103 creatures vanquished.

Notes
Turn   | Place    | Note
-------+----------+-------------------------------------------
     0 | D:1      | Urokeeper the Hill Orc Fighter began the quest for the Orb.
     0 | D:1      | Reached XP level 1. HP: 19/19 MP: 1/1
   212 | D:1      | Reached XP level 2. HP: 27/27 MP: 2/2
   273 | D:1      | Reached skill level 3 in Axes
   733 | D:1      | Reached XP level 3. HP: 25/33 MP: 3/3
   933 | D:1      | Found a faded altar of an unknown god.
  1668 | D:2      | Reached XP level 4. HP: 35/40 MP: 4/4
  1956 | D:3      | Reached skill level 4 in Axes
  2501 | D:3      | Reached XP level 5. HP: 46/46 MP: 5/5
  2521 | D:3      | Found Neronk's Assorted Antiques.
  2744 | D:4      | Gained mutation: You sometimes lose the ability to read
                  | scrolls when taking damage. [potion of mutation]
  2744 | D:4      | Gained mutation: You have sharp fingernails. [potion of
                  | mutation]
  2744 | D:4      | Gained mutation: You are strong-willed. (Will+) [potion of
                  | mutation]
  3051 | D:4      | Reached skill level 5 in Axes
  3129 | D:4      | Reached XP level 6. HP: 53/53 MP: 6/6
  3158 | D:4      | Found a white marble altar of Elyvilon.
  3724 | D:4      | Reached skill level 6 in Axes
  4109 | D:5      | Entered Level 5 of the Dungeon
  4212 | D:5      | Reached skill level 5 in Armour
  4212 | D:5      | Reached XP level 7. HP: 57/60 MP: 7/7
  4270 | D:5      | Reached skill level 5 in Shields
  4602 | D:5      | Reached skill level 1 in Dodging
  4773 | D:5      | Found Buriot's Overcharged Wands.
  4800 | D:5      | Noticed Prince Ribbit
  4814 | D:5      | Killed Prince Ribbit
  4815 | D:5      | Reached skill level 5 in Fighting
  4815 | D:5      | Reached skill level 7 in Axes
  4815 | D:5      | Reached XP level 8. HP: 36/68 MP: 8/8
  5486 | D:6      | Killed by an exploding adder... ignited by their inner
                  | flame

Illustrated notes

Levels and vault maps discovered:
D:1:      lightli_arrival_chessboard, layout_loops_cross,
          ebering_ecumenical_altar_abandoned, chequers_avenue, st_stairs_11
D:2:      layout_rooms, serial_bayou_pond_e
D:3:      layout_loops_cross, serial_shops, nicolae_shop_trees,
          kennysheep_generic_room_3
D:4:      layout_loops_corners, mainiacjoe_overflow_small_starburst
D:5:      layout_loops_ring, nicolae_shop_overcharged_wands, uniq_prince_ribbit1
D:6:      layout_basic, minmay_temple_entry_arrows,
          minmay_misc_feat_secret_circle, uniq_maggie

Skill      XL: |  1  2  3  4  5  6  7  8 |
---------------+-------------------------+-----
Axes           | 3 4 5 6 7 |  7.3
Fighting       | 4 5 |  5.3
Armour         | 4 5 6 |  6.1
Shields        | 4 5 6 |  6.5
Dodging        | 1 |  1.4
Evocations     | |  0.4

Action                   |  1- 3 |  4- 6 |  7- 9 || total
-------------------------+-------+-------+-------++-------
Melee: War axe           |   119 |   166 |    88 ||   373
Throw: Dart              |       |       |     1 ||     1
Evoke: Wand              |       |       |     4 ||     4
  Use: Scroll            |       |     3 |     6 ||     9
       Potion            |       |     1 |     5 ||     6
Armor: Scale mail        |    70 |    50 |    38 ||   158
       Skin              |       |       |     2 ||     2
Dodge: Dodged            |    39 |    39 |    17 ||    95
Block: Kite shield       |    68 |    97 |       ||   165
       Tower shield      |       |    10 |   132 ||   142
